 Dungeon Crawl Stone Soup version 0.21.1-1-g345015f (webtiles) character file.

672 kaytrill the Grappler (level 7, -4/66 HPs)
             Began as a Troll Berserker on June 23, 2018.
             Was a Priest of Trog.
             Slain by an ogre
             ... wielding a +0 giant spiked club
              (29 damage)
             ... on level 4 of the Dungeon.
             The game lasted 00:07:28 (2652 turns).

kaytrill the Grappler (Troll Berserker)             Turns: 2652, Time: 00:07:29

Health: -4/66      AC:  5    Str: 26    XL:     7   Next: 32%
Magic:  6/6        EV: 10    Int:  5    God:    Trog [***...]
Gold:   230        SH:  0    Dex:  9    Spells: 6/6 levels left

rFire    + . .     SeeInvis .     - Unarmed
rCold    x . .     Gourm    +   (no shield)
rNeg     . . .     Faith    .   a - +0 animal skin
rPois    .         Spirit   .   (helmet restricted)
rElec    .         Reflect  .   (no cloak)
rCorr    .         Harm     .   (gloves unavailable)
MR       .....                  (boots unavailable)
Stlth    +.........             t - amulet of magic regeneration
HPRegen  0.61/turn              o - ring of fire
MPRegen  0.35/turn              (no ring)

@: no status effects
A: large, unfitting armour, claws 3, fast metabolism 3, gourmand, regeneration
1, shaggy fur 1, tough skin 2
a: Berserk, Trog's Hand, Burn Spellbooks, Renounce Religion


You were on level 4 of the Dungeon.
You worshipped Trog.
Trog was most pleased with you.
You were very full.

You visited 1 branch of the dungeon, and saw 4 of its levels.

You collected 230 gold pieces.

Inventory:

Missiles
 i - 7 javelins (quivered)
 q - 65 stones
 r - 19 sling bullets
 x - 3 large rocks
Armour
 a - a +0 animal skin (worn)
Jewellery
 o - a ring of fire (left claw)
 t - an amulet of magic regeneration (around neck)
Scrolls
 e - a scroll of enchant weapon {unknown}
 j - 3 scrolls of fog {unknown}
 l - 3 scrolls of immolation {unknown}
 m - 2 scrolls of teleportation {unknown}
 p - 4 scrolls of identify {unknown}
 u - a scroll of remove curse {unknown}
 v - a scroll of fear {unknown}
 w - a scroll of amnesia {unknown}
Potions
 c - a potion of might {unknown}
 d - 2 potions of agility {unknown}
 f - a potion of cancellation {unknown}
 g - a potion of ambrosia {unknown}
 h - a potion of curing {unknown}
 k - a potion of heal wounds {unknown}
 n - a potion of degeneration {unknown}
Comestibles
 b - 9 rations


   Skills:
 - Level 2.4 Fighting
 * Level 2.1 Throwing
 - Level 2.4 Dodging
 * Level 8.2 Unarmed Combat


You had 6 spell levels left.
You didn't know any spells.

Dungeon Overview and Level Annotations

Branches:
Dungeon (4/15)             Temple (0/1) D:4

Altars:
Ru


Innate Abilities, Weirdness & Mutations

You are too large for most types of armour.
You have claws for hands.
Your metabolism is lightning-fast.
You like to eat raw meat.
Your natural rate of healing is unusually fast.
You are covered in fur. (AC +1)
You have very tough skin. (AC +2)


Message History

A frilled lizard comes into view.
The frilled lizard hisses angrily.
Found a glass ring.
An ogre comes into view. It is wielding a giant spiked club.
The frilled lizard barely misses you.
You scratch the ogre.
The ogre is lightly wounded.
The ogre hits you with a giant spiked club!!
The frilled lizard bites you but does no damage.
You scratch the ogre.
The ogre is lightly wounded.
You closely miss the ogre. Your claw misses the ogre.
The ogre is lightly wounded.
The frilled lizard bites you but does no damage.
The ogre hits you with a giant spiked club!
You completely miss the ogre.
The ogre is lightly wounded.
The frilled lizard misses you.
The ogre hits you with a giant spiked club!!
You die...

####...........
..#............
...............
............... .#....
................ .....
...............= ....#
#>.......lO...... ....#
#........@....... ....#
................. ....##
.................
.....#...........###..#.
................## #..
........#####...## ....
......### ##...##...#
......# #..#...#
......## #...##...


You could see an ogre and a frilled lizard.

Vanquished Creatures
  Menkaure (D:4)
  A sky beast (D:3)
  An ogre (D:3)
  A crimson imp (D:2)
  A hound (D:4)
  An orc priest (D:3)
  2 bullfrog skeletons
  An orc wizard (D:3)
  A worker ant (D:4)
  8 adders
  An ooze (D:1)
  2 worms
  2 dart slugs
  2 leopard geckos
  12 orcs
  8 bats
  4 giant cockroaches
  10 goblins
  10 hobgoblins
  A quokka (D:3)
  2 ball pythons
  6 frilled lizards
  10 kobolds
  A leopard gecko skeleton (D:4)
  6 rats
95 creatures vanquished.

Notes
Turn   | Place    | Note
-------+----------+-------------------------------------------
     0 | D:1      | kaytrill the Troll Berserker began the quest for the Orb.
     0 | D:1      | Reached XP level 1. HP: 22/22 MP: 0/0
    89 | D:1      | Reached XP level 2. HP: 28/29 MP: 1/1
   198 | D:1      | Reached skill level 4 in Unarmed Combat
   517 | D:1      | Reached XP level 3. HP: 32/36 MP: 2/2
   594 | D:1      | Reached ** piety under Trog
  1292 | D:2      | Reached XP level 4. HP: 37/44 MP: 3/3
  1398 | D:2      | Reached skill level 5 in Unarmed Combat
  1643 | D:3      | Reached XP level 5. HP: 50/50 MP: 4/4
  1711 | D:3      | Found a sacrificial altar of Ru.
  1719 | D:3      | Reached skill level 6 in Unarmed Combat
  1723 | D:3      | Reached skill level 1 in Throwing
  1845 | D:3      | Noticed a sky beast
  1861 | D:3      | Reached *** piety under Trog
  1890 | D:3      | Killed a sky beast
  1890 | D:3      | Reached XP level 6. HP: 59/59 MP: 5/5
  2087 | D:3      | Reached skill level 7 in Unarmed Combat
  2408 | D:4      | Reached XP level 7. HP: 58/66 MP: 6/6
  2425 | D:4      | Found a staircase to the Ecumenical Temple.
  2446 | D:4      | Noticed Menkaure
  2453 | D:4      | Killed Menkaure
  2453 | D:4      | Reached skill level 8 in Unarmed Combat
  2652 | D:4      | Slain by an ogre

Skill      XL: |  1  2  3  4  5  6  7 |
---------------+----------------------+-----
Unarmed Combat | 4 5 6 7 8 |  8.2
Throwing       | 1 2 |  2.1
Fighting       | |  2.4
Dodging        | |  2.4

Action                   |  1- 3 |  4- 6 |  7- 9 || total
-------------------------+-------+-------+-------++-------
Melee: Unarmed           |   106 |   130 |    10 ||   246
       Punch             |     4 |       |       ||     4
Invok: Berserk           |       |     1 |     1 ||     2
       Trog's Hand       |       |     1 |     1 ||     2
 Stab: Paralysed         |       |     1 |       ||     1
  Eat: Chunk             |    17 |    12 |     1 ||    30
Armor: Animal skin       |    41 |    40 |     2 ||    83
Dodge: Dodged            |    44 |    68 |     4 ||   116
